 Dungeon Crawl Stone Soup version 0.27.1-4-g1640c2035a (webtiles) character file.

Game seed: 14419885321033413858

2559 Elvor the Conjurer (level 9, -3/74 HPs)
             Began as a White Draconian Conjurer on Nov 15, 2021.
             Shot with a sling bullet by Joseph (12 damage)
             ... on level 7 of the Dungeon.
             The game lasted 00:55:33 (5880 turns).

Elvor the Conjurer (White Draconian Conjurer)       Turns: 5880, Time: 00:55:33

Health: -3/74      AC: 11    Str:  9 (10) XL:     9   Next: 31%
Magic:  12/17      EV: 12    Int: 22      God:
Gold:   247        SH:  0    Dex:  9      Spells: 11/19 levels left

rFire    . . .     SeeInvis .   a - +2 dagger (venom)
rCold    + . .     Faith    .   (no shield)
rNeg     . . .     Spirit   .   (armour unavailable)
rPois    .         Reflect  .   (helmet restricted)
rElec    .         Harm     .   l - +2 cloak
rCorr    .         Rampage  .   f - +0 pair of gloves
Will     .....                  (no boots)
Stlth    ++........             (no amulet)
HPRegen  0.22/turn              (no ring)
MPRegen  0.15/turn              (no ring)

@: short of breath
A: breathe frost, AC +7, unfitting armour, cold resistance 1, cold-blooded,
stinger 1, deterioration 1
a: Breathe Frost


You were on level 7 of the Dungeon.
You visited 2 branches of the dungeon, and saw 8 of its levels.
You also visited: Sewer.

You collected 247 gold pieces.

Inventory:

Hand Weapons
 a - a +2 dagger of venom (weapon)
 d - a +0 hunting sling
 e - a +2 vampiric dagger
Missiles
 c - 143 stones
 g - 36 sling bullets
 i - 2 atropa-tipped darts
 n - 13 boomerangs
 x - 16 poisoned darts
Armour
 f - a +0 pair of gloves (worn)
 l - a +2 cloak (worn)
 r - a +0 buckler
Jewellery
 b - an amulet of guardian spirit
Scrolls
 h - 3 scrolls of fear {unknown}
 k - 2 scrolls of acquirement
 m - a scroll of enchant weapon
 q - a scroll of enchant armour {unknown}
 s - 3 scrolls of teleportation
 v - 4 scrolls of fog {unknown}
 w - 2 scrolls of noise {unknown}
 y - 4 scrolls of amnesia {unknown}
 B - a scroll of immolation {unknown}
 C - a scroll of silence {unknown}
Potions
 j - a potion of flight {unknown}
 o - a potion of attraction
 p - 2 potions of resistance {unknown}
 t - 7 potions of haste
 z - a potion of mutation
 A - a potion of might {unknown}


   Skills:
 * Level 5.2 Fighting
 + Level 2.8 Short Blades
 + Level 2.8 Throwing
 + Level 4.1 Dodging
 + Level 2.6 Stealth
 * Level 4.4 Shields
 + Level 5.5 Spellcasting
 + Level 7.2 Conjurations
 + Level 0.6 Translocations


You had 11 spell levels left.
You knew the following spells:

 Your Spells              Type           Power      Damage    Failure   Level
a - Magic Dart            Conj           100%       1d8       1%          1
b - Searing Ray           Conj           76%        3d6       1%          2
c - Apportation           Tloc           18%        N/A       8%          1
d - Iskenderun's Mystic   Conj/Tloc      23%        2d6       19%         4

Your spell library contained the following spells:

 Spells                   Type           Power      Damage    Failure   Level
 Dazzling Flash           Conj/Hex       44%        N/A       6%          3
 Fulminant Prism          Conj/Hex       11%        3d9       22%         4
 Alistair's Intoxication  Tmut/Pois      4%         N/A       95%         5
 Lee's Rapid Deconstruct  Erth           3%         3d6*      95%         5
 Invisibility             Hex            3%         N/A       100%        6


Dungeon Overview and Level Annotations

Branches:
Dungeon (7/15)             Temple (1/1) D:4           Sewer (visited)

Altars:
Ashenzari
Cheibriados
Fedhas
Gozag
Kikubaaqudgha
Makhleb
Nemelex Xobeh
Qazlal
Ru
Sif Muna
Trog
Uskayaw
Vehumet
Wu Jian
Xom

Annotations:
D:7 Joseph


Innate Abilities, Weirdness & Mutations

You can breathe waves of freezing cold which knock back foes.
Your icy white scales are hard. (AC +7)
You cannot fit into any form of body armour.
Your flesh is cold resistant. (rC+)
You are cold-blooded and may be slowed by cold attacks.
Your tail ends in a poisonous barb.
Your body sometimes deteriorates upon taking damage.


Message History

Joseph is blown backwards by the freezing wind.
Aiming: Magic Dart (safe; 1% risk of failure)
Press: ? - help, Q - select action, (/) - cycle Shift-Dir - straight line, f/p - Joseph
Aim: Joseph, wielding a +0 hunting sling, wearing a +2 leather armour of willpower and quivering sling bullets (moderately wounded, extremely poisoned, 100% to hit)
The magic dart hits Joseph.
Joseph is moderately wounded.
Joseph shoots a sling bullet.
The sling bullet hits you!
Your body deteriorates!
You feel weakened.
Aiming: Magic Dart (safe; 1% risk of failure)
Press: ? - help, Q - select action, (/) - cycle Shift-Dir - straight line, f/p - Joseph
Aim: Joseph, wielding a +0 hunting sling, wearing a +2 leather armour of willpower and quivering sling bullets (moderately wounded, extremely poisoned, 100% to hit)
The magic dart hits Joseph.
Joseph is moderately wounded.
Joseph shoots a sling bullet.
The sling bullet hits you.
* * * LOW HITPOINT WARNING * * *
Aiming: Magic Dart (safe; 1% risk of failure)
Press: ? - help, Q - select action, (/) - cycle Shift-Dir - straight line, f/p - Joseph
Aim: Joseph, wielding a +0 hunting sling, wearing a +2 leather armour of willpower and quivering sling bullets (heavily wounded, very poisoned, 100% to hit)
The magic dart hits Joseph.
Joseph is heavily wounded.
Joseph shoots a sling bullet.
The sling bullet hits you.
* * * LOW HITPOINT WARNING * * *
You feel much better.
Joseph shoots a sling bullet.
The sling bullet hits you!
Aiming: Magic Dart (safe; 1% risk of failure)
Press: ? - help, Q - select action, (/) - cycle Shift-Dir - straight line, f/p - Joseph
Aim: Joseph, wielding a +0 hunting sling, wearing a +2 leather armour of willpower and quivering sling bullets (heavily wounded, very poisoned, 100% to hit)
The magic dart hits Joseph but does no damage.
Joseph is heavily wounded.
Joseph shoots a sling bullet.
The sling bullet barely misses you.
Joseph shoots a sling bullet.
The sling bullet hits you.
Joseph shoots a sling bullet.
The sling bullet hits you!!
* * * LOW HITPOINT WARNING * * *
Aiming: Searing Ray (safe; 1% risk of failure)
Press: ? - help, Q - select action, (/) - cycle Shift-Dir - straight line, f/p - Joseph
Aim: Joseph, wielding a +0 hunting sling, wearing a +2 leather armour of willpower and quivering sling bullets (heavily wounded, very poisoned, 81% to hit)
The searing ray hits Joseph!
Joseph is severely wounded. (Press . to maintain the ray.) Joseph shoots a sling bullet.
The sling bullet hits you!
You die...

.....#.#.#.#.#..#.#.#.
.............#........
.....#.#.#.#.#...#####
.............#####
.....##.######
........# ############
###.########@.........#
...........(((........#
#.....######....@.....#
#.....# #......<...#
###.### ######.#####
#.# #..# #.#
########>##
###.#####.....##.#
.................#
#####.###.....##.## #.#
#.....##..#


You could see Joseph (very poisoned).

Vanquished Creatures
  Harold (D:7)
  An orc warrior (D:4)
  A sky beast (D:2)
  The ghost of Exporg the Covered, an amateur MiFi (D:4)
  4 ogres
  2 necrophages (D:6)
  A centaur (D:4)
  2 kobold brigands (Sewer)
  A gnoll sergeant (D:6)
  2 howler monkeys (D:6)
  2 bullfrog zombies
  8 hounds
  2 centaur skeletons
  A jelly (D:5)
  A bullfrog skeleton (D:3)
  An orc wizard (D:4)
  An iguana (D:5)
  A hound skeleton (D:5)
  3 howler monkey zombies
  3 howler monkey skeletons
  5 gnolls
  5 adders
  A white imp (D:5)
  An ufetubus (D:6)
  3 worms
  3 dart slugs
  13 orcs
  6 bats
  8 endoplasms
  2 giant cockroaches
  10 goblins
  5 hobgoblins
  3 quokkas
  8 ball pythons
  4 frilled lizards (D:1)
  9 kobolds
  7 rats
132 creatures vanquished.

Vanquished Creatures (others)
  2 fungi (D:7)
2 creatures vanquished.

Grand Total: 134 creatures vanquished

Notes
Turn   | Place    | Note
-------+----------+-------------------------------------------
     0 | D:1      | Elvor the Draconian Conjurer began the quest for the Orb.
     0 | D:1      | Reached XP level 1. HP: 14/14 MP: 3/3
   107 | D:1      | Found a faded altar of an unknown god.
   178 | D:1      | Reached XP level 2. HP: 20/20 MP: 1/5
   181 | D:1      | Learned a level 2 spell: Searing Ray
   718 | D:1      | Reached XP level 3. HP: 27/27 MP: 2/6
   840 | D:1      | Reached skill level 1 in Fighting
  1240 | D:2      | Learned a level 1 spell: Apportation
  1611 | D:3      | Noticed a sky beast
  1622 | D:2      | Killed a sky beast
  1623 | D:2      | Reached skill level 1 in Short Blades
  1623 | D:2      | Reached skill level 5 in Conjurations
  1623 | D:2      | Reached XP level 4. HP: 25/36 MP: 2/8
  1623 | D:2      | Reached XP level 5. HP: 28/41 MP: 2/9
  1628 | D:2      | Learned a level 4 spell: Iskenderun's Mystic Blast
  1984 | D:3      | Found a runed translucent gate.
  1984 | D:3      | Found a runed translucent gate.
  1985 | D:3      | Found a runed translucent gate.
  1987 | D:3      | Noticed Exporg's ghost (amateur MiFi)
  2461 | D:4      | Gained mutation: Your body sometimes deteriorates upon
                  | taking damage. [potion of mutation]
  2461 | D:4      | Gained mutation: Your tail ends in a poisonous barb.
                  | [potion of mutation]
  2466 | D:4      | Killed Exporg's ghost
  2467 | D:4      | Reached skill level 1 in Shields
  2467 | D:4      | Reached XP level 6. HP: 13/50 MP: 0/10
  2953 | D:4      | Your scales start taking on an icy white colour.
  2953 | D:4      | Reached XP level 7. HP: 57/57 MP: 6/12
  2953 | D:4      | Gained mutation: Your flesh is cold resistant. (rC+) [White
                  | Draconian growth]
  3136 | D:4      | Found a broken altar of Ashenzari.
  3167 | D:4      | Found a shimmering altar of Xom.
  3168 | D:4      | Found a snail-covered altar of Cheibriados.
  3421 | D:4      | Found a staircase to the Ecumenical Temple.
  3431 | Temple   | Entered the Ecumenical Temple
  3635 | D:4      | Identified a scroll of acquirement
  3659 | D:5      | Entered Level 5 of the Dungeon
  3659 | D:5      | Found a glowing drain.
  3682 | Sewer    | Entered a sewer
  3867 | Sewer    | Reached skill level 6 in Conjurations
  4086 | D:5      | Reached XP level 8. HP: 66/66 MP: 10/14
  4213 | D:4      | HP: 3/66 [orc warrior (15)]
  4449 | D:5      | Found a bloodstained altar of Trog.
  4681 | D:6      | Reached skill level 1 in Throwing
  4873 | D:6      | Reached skill level 5 in Spellcasting
  5399 | D:7      | Noticed Harold
  5421 | D:7      | Killed Harold
  5422 | D:7      | Reached skill level 5 in Fighting
  5422 | D:7      | Reached skill level 7 in Conjurations
  5422 | D:7      | Reached XP level 9. HP: 70/74 MP: 5/17
  5539 | D:7      | Noticed Joseph
  5880 | D:7      | Shot with a sling bullet by Joseph

Illustrated notes

Levels and vault maps discovered:
D:1:      minmay_arrival_four_houses, layout_loops_corners,
          hellmonk_ecumenical_altar_lost_god, minmay_misc_feat_roman,
          chequers_arboretum, minmay_misc_feat_more_columns
D:2:      layout_loops_ring
D:3:      layout_basic, gammafunk_ghost_necromancy, minivault_4
D:4:      layout_cave_pods, chequers_temple_overflow_statue_of_worship,
          mainiacjoe_overflow_brackets, temple_statues, hangedman_decor_lopped
D:5:      layout_rooms, marbit_many_paths, cheibrodos_sewer_entry_drain,
          item_on_display_a
D:6:      layout_basic
D:7:      minmay_the_grid_octo_2x2 [minmay_the_grid_octo_odd_swirl,
          minmay_the_grid_octo_vomiting_pacman, minmay_the_grid_octo_toaster,
          minmay_the_grid_octo_prize_ultimate_mussel_roller], layout_rooms,
          serial_glass, glass_columns_a, glass_columns_b, glass_columns_a,
          glass_columns_b, glass_columns_b, glass_columns_c,
          uniq_crazy_yiuf_cottage, uniq_harold, uniq_joseph
Temple:   jpeg_temple_clearing

Skill      XL: |  1  2  3  4  5  6  7  8 |
---------------+-------------------------+-----
Dodging        | 2 3 4 |  4.1
Fighting       | 2 3 5 |  5.2
Short Blades   | 1 2 |  2.8
Conjurations   | 5 6 7 |  7.2
Stealth        | 2 |  2.6
Shields        | 1 2 4 |  4.4
Spellcasting   | 3 4 5 |  5.5
Throwing       | 2 |  2.8
Translocations | |  0.6

Action                   |  1- 3 |  4- 6 |  7- 9 || total
-------------------------+-------+-------+-------++-------
Melee: Dagger            |    18 |    14 |    16 ||    48
       Short sword       |    12 |       |       ||    12
       Tailslap          |     1 |     1 |     1 ||     3
Throw: Boomerang         |       |     1 |       ||     1
       Dart              |       |       |    48 ||    48
       Throwing net      |       |       |     4 ||     4
 Cast: Magic Dart        |    59 |    28 |    51 ||   138
       Searing Ray       |     4 |    15 |    41 ||    60
       Apportation       |       |     2 |       ||     2
 Abil: Breathe Frost     |       |       |     6 ||     6
  Use: Potion            |       |     5 |     3 ||     8
       Scroll            |       |       |     4 ||     4
Armor: Skin              |     7 |    35 |    30 ||    72
Dodge: Dodged            |    24 |    34 |    44 ||   102
